 Dungeon Sprint DCSS version 0.30.1-11-g7821555f0a (webtiles) character file.

Game seed: 9959604812945065173

63 Groucho the Magician (level 3, -1/19 HPs)
             Began as a Deep Elf Earth Elementalist on Jan 2, 2024.
             Was a Priest of Sif Muna.
             Slain by an orc warrior
             ... wielding a +0 flail
              (20 damage)
             ... in the Dungeon (Sprint VII: "The Pits").
             The game lasted 00:01:15 (356 turns).

Groucho the Magician (Deep Elf Earth Elementalist)   Turns: 356, Time: 00:01:16

Health: -1/19      AC:  2    Str:  5    XL:     3   Next: 89%
Magic:  4/14       EV: 12    Int: 21    God:    Sif Muna [***...]
Gold:   0          SH:  0    Dex: 15    Spells: 16/17 levels left

rFire   . . .        h - +2 dagger
rCold   . . .        (no shield)
rNeg    . . .        a - +0 robe
rPois   .            (no helmet)
rElec   .            (no cloak)
rCorr   .            (no gloves)
SInv    .            (no boots)
Will    .....        (no amulet)
Stlth   ++           (no ring)
HPRegen 0.23/turn    (no ring)
MPRegen 0.14/turn

%: no teleportation
@: no status effects
A: no striking features
a: Renounce Religion, Channel Magic, Forget Spell


You were in the Dungeon.
You worshipped Sif Muna.
Sif Muna was most pleased with you.
You visited 1 branch

Inventory:

Hand Weapons
 h - a +2 dagger (weapon)
 i - a +2 falchion
Armour
 a - a +0 robe (worn)
Scrolls
 g - a scroll of blinking
 k - 5 scrolls of amnesia
 l - a scroll of butterflies
Potions
 b - 5 potions of magic
 c - a potion of curing
 e - a potion of haste
 f - 3 potions of berserk rage
 j - 2 potions of invisibility


   Skills:
 - Level 2.4 Dodging
 - Level 2.4 Stealth
 + Level 7.6 Spellcasting
 - Level 1.1 Transmutations
 + Level 6.7 Earth Magic


You had 16 spell levels left.
You knew the following spells:

 Your Spells              Type           Power      Damage    Failure   Level
a - Sandblast             Erth           72%        2d16      1%          1

Your spell library contained the following spells:

 Spells                   Type           Power      Damage    Failure   Level
 Passwall                 Tmut/Erth      20%        N/A       2%          2
 Stone Arrow              Conj/Erth      44%        3d9       6%          3
 Petrify                  Tmut/Erth      24%        N/A       16%         4


Dungeon Overview and Level Annotations

Branches:
Dungeon (1/1)

Altars:
Ashenzari
Cheibriados
Dithmenos
Elyvilon
Fedhas
Gozag
Hepliaklqana
Kikubaaqudgha
Makhleb
Nemelex Xobeh
Okawaru
Qazlal
Ru
Sif Muna
Trog
Uskayaw
Vehumet
Wu Jian
Xom
Yredelemnul
Zin
The Shining One
Jiyva
Lugonu


Message History

Unknown command.
Unknown command.
A rat comes into view.
An orc warrior comes into view. It is wielding a +0 flail.
You hit the rat.
You kill the rat!
Sif Muna accepts your kill.
Casting: Sandblast (safe; 1% risk of failure)
Confirm with . or Enter, or press ? or * to list all spells.
Aiming: Sandblast (safe; 1% risk of failure)
Press: ? - help, Shift-Dir - straight line, f - orc warrior
Aim: an orc warrior, wielding a +0 flail and wearing a +0 plate armour (84% to hit)
The blast of sand hits the orc warrior but does no damage.
The orc warrior misses you.
Unknown command.
Unknown command.
Casting: Sandblast (safe; 1% risk of failure)
Confirm with . or Enter, or press ? or * to list all spells.
Aiming: Sandblast (safe; 1% risk of failure)
Press: ? - help, Shift-Dir - straight line, f/p - orc warrior
Aim: an orc warrior, wielding a +0 flail and wearing a +0 plate armour (84% to hit)
The blast of sand hits the orc warrior.
The orc warrior is moderately wounded.
The orc warrior hits you with a +0 flail.
Unknown command.
Casting: Sandblast (safe; 1% risk of failure)
Confirm with . or Enter, or press ? or * to list all spells.
Aiming: Sandblast (safe; 1% risk of failure)
Press: ? - help, Shift-Dir - straight line, f/p - orc warrior
Aim: an orc warrior, wielding a +0 flail and wearing a +0 plate armour (moderately wounded, 84% to hit)
The blast of sand hits the orc warrior!
The orc warrior is heavily wounded.
The orc warrior misses you.
The orc warrior hits you with a +0 flail!
Ouch! That really hurt!
* * * LOW HITPOINT WARNING * * *
You feel much better.
The orc warrior hits you with a +0 flail!!
Ouch! That really hurt!
You die...

_________.#
_______...###########+
##########'##..........
#.?(.'.))'.##......#..#
##########.##..........
#........)รท.'..........
+#####'#####......#..#
#..#..#..##..........
#..o@.'..#####'#####+
##'####)###.......# #..
..##.......# #.)
..##.......# ###
####...<...# #.......#
#.......# #.......#
#########


You could see an orc warrior.

Vanquished Creatures
  An orc wizard (D)
  A gnoll (D)
  2 river rats (D)
  2 orcs (D)
  A bat (D)
  A giant cockroach (D)
  2 hobgoblins (D)
  A ball python skeleton (D)
  A rat (D)
12 creatures vanquished.

Notes
Turn   | Place    | Note
-------+----------+-------------------------------------------
     0 | D        | Groucho the Deep Elf Earth Elementalist began the quest for
                  | the Orb.
     0 | D        | Reached XP level 1. HP: 10/10 MP: 6/6
    10 | D        | Reached skill level 4 in Spellcasting
    10 | D        | Reached XP level 2. HP: 15/15 MP: 5/9
    35 | D        | Found a glowing golden altar of the Shining One.
    35 | D        | Found a glowing silver altar of Zin.
    35 | D        | Found a basalt altar of Yredelemnul.
    35 | D        | Found a shimmering altar of Xom.
    35 | D        | Found an ornate altar of the Wu Jian Council.
    35 | D        | Found a bloodstained altar of Trog.
    35 | D        | Found a shimmering blue altar of Sif Muna.
    35 | D        | Found a sacrificial altar of Ru.
    35 | D        | Found a stormy altar of Qazlal.
    35 | D        | Found an iron altar of Okawaru.
    35 | D        | Found a sparkling altar of Nemelex Xobeh.
    35 | D        | Found a burning altar of Makhleb.
    35 | D        | Found a viscous altar of Jiyva.
    35 | D        | Found a hazy altar of Hepliaklqana.
    35 | D        | Found an opulent altar of Gozag.
    35 | D        | Found a blossoming altar of Fedhas.
    35 | D        | Found a white marble altar of Elyvilon.
    35 | D        | Found a shadowy altar of Dithmenos.
    35 | D        | Found a snail-covered altar of Cheibriados.
    36 | D        | Found a radiant altar of Vehumet.
    36 | D        | Found a corrupted altar of Lugonu.
    37 | D        | Found an ancient bone altar of Kikubaaqudgha.
    37 | D        | Found a hide-covered altar of Uskayaw.
    37 | D        | Found a broken altar of Ashenzari.
    38 | D        | Became a worshipper of Sif Muna the Loreminder
    47 | D        | Reached skill level 5 in Spellcasting
    74 | D        | Reached * piety under Sif Muna
    75 | D        | Reached skill level 5 in Earth Magic
   310 | D        | Reached skill level 6 in Spellcasting
   313 | D        | Reached ** piety under Sif Muna
   347 | D        | Reached XP level 3. HP: 18/19 MP: 8/13
   349 | D        | Reached *** piety under Sif Muna
   350 | D        | Reached skill level 7 in Spellcasting
   351 | D        | Noticed an orc warrior
   356 | D        | Slain by an orc warrior

Illustrated notes

Levels and vault maps discovered:
D:        pitsprint [storerooms_1, entrance_room_1, metal_vault_5, armoury_2,
          mini_pit_1, grid_room_1, main_hall_1, silver_pit, the_coven_1,
          the_vestibule_1, steel_vault_4, golden_pit, hallway_of_sentries,
          crystal_vault_4, iron_vault_3, final_vault]

Skill      XL: |  1  2  3 |
---------------+----------+-----
Spellcasting   | 4 6 7 |  7.6
Earth Magic    | 4 5 6 |  6.7
Dodging        | |  2.4
Stealth        | |  2.4
Transmutations | |  1.1

Action                     || total
---------------------------++-------
  Melee: Dagger            ||     1
   Cast: Sandblast         ||    19
    Use: Potion            ||     1
 Armour: Robe              ||     1
  Dodge: Dodged            ||     3
